 Dungeon Crawl Stone Soup version 0.30.0-29-ga12c61a403 (webtiles) character file.

Game seed: 7810143988559510288

4 booth the Conjurer (level 1, 0/16 HPs)
             Began as a Demonspawn Reaver on June 16, 2023.
             Slain by a bat (1 damage)
             ... on level 1 of the Dungeon.
             The game lasted 00:00:18 (28 turns).

booth the Conjurer (Demonspawn Reaver)                Turns: 28, Time: 00:00:18

Health: 0/16       AC:  3    Str: 12    XL:     1   Next: 58%
Magic:  2/3        EV: 11    Int: 14    God:
Gold:   0          SH:  0    Dex: 11    Spells: 3/4 levels left

rFire   . . .        a - +0 hand axe
rCold   . . .        (no shield)
rNeg    . . .        b - +0 leather armour
rPois   .            (no helmet)
rElec   .            (no cloak)
rCorr   .            (no gloves)
SInv    .            (no boots)
Will    .....        (no amulet)
Stlth   +            (no ring)
HPRegen 0.22/turn    (no ring)
MPRegen 0.08/turn

%: no passive effects
@: very slightly contaminated
A: no striking features
a: no special abilities


You were on level 1 of the Dungeon.
You visited 1 branch of the dungeon, and saw 1 of its levels.

Inventory:

Hand Weapons
 a - a +0 hand axe (weapon)
Armour
 b - a +0 leather armour (worn)


   Skills:
 + Level 2.1 Fighting
 + Level 2.7 Axes
 + Level 1.8 Dodging
 + Level 2.0 Spellcasting
 + Level 3.0 Conjurations


You had 3 spell levels left.
You knew the following spells:

 Your Spells              Type           Power      Damage    Failure   Level
a - Kiss of Death         Conj/Necr      20%        2d7       16%         1

Your spell library contained the following spells:

 Spells                   Type           Power      Damage    Failure   Level
 Momentum Strike          Conj/Tloc      10%        3d8       24%         2
 Hailstorm                Conj/Ice       5%         3d4       43%         3


Dungeon Overview and Level Annotations

Branches:
Dungeon (1/15)

Altars:


Message History

The bat closely misses you.
You closely miss the frilled lizard. The bat closely misses you.
The bat hits you but does no damage. The frilled lizard closely misses you.
You hit the frilled lizard.
You kill the frilled lizard!
You hit the bat. The bat hits you but does no damage. x3
You completely miss the hobgoblin. You hit the bat but do no damage.
The bat barely misses you. The hobgoblin hits you.
* * * LOW HITPOINT WARNING * * *
The bat completely misses you. The hobgoblin barely misses you.
You barely miss the hobgoblin. You completely miss the bat.
The bat closely misses you. The hobgoblin closely misses you.
You hit the hobgoblin.
The hobgoblin is severely wounded.
The bat hits you but does no damage. The bat hits you.
* * * LOW HITPOINT WARNING * * *
The hobgoblin barely misses you.
You completely miss the hobgoblin.
The hobgoblin is severely wounded.
You hit the bat. The bat hits you.
* * * LOW HITPOINT WARNING * * *
The hobgoblin barely misses you.
Casting: Kiss of Death (safe; 16% risk of failure)
Confirm with . or Enter, or press ? or * to list all spells.
Aiming: Kiss of Death (safe; 16% risk of failure)
Press: ? - help, Shift-Dir - straight line, f - hobgoblin
Aim: a hobgoblin (severely wounded, 100% to hit)
You miscast Kiss of Death.
You are very lightly contaminated with residual magic.
Nothing appears to happen.
The bat barely misses you.
The hobgoblin hits you but does no damage.
You barely miss the hobgoblin.
The hobgoblin is severely wounded.
You barely miss the bat. The bat barely misses you. The bat closely misses you.
The hobgoblin barely misses you. The bat hits you.
* * * LOW HITPOINT WARNING * * *
You hit the hobgoblin.
You kill the hobgoblin!
You completely miss the bat. The bat hits you.
You die...

.. ..# # #.
... . .#..
#.#.# .....
#.#.#
.....##.#.#
.J....J...#
#r.rg..#
#..#†#.# #.
#@# # # #b#
#.# #.# #.#
#.#
#8#####.######
.(..........<#
#8#####.######


You could see an endoplasm, a hobgoblin, a bat and a rat.

Vanquished Creatures
  A dart slug (D:1)
  An endoplasm (D:1)
  A hobgoblin (D:1)
  A frilled lizard (D:1)
4 creatures vanquished.

Notes
Turn   | Place    | Note
-------+----------+-------------------------------------------
     0 | D:1      | booth the Demonspawn Reaver began the quest for the Orb.
     0 | D:1      | Reached XP level 1. HP: 16/16 MP: 3/3
    28 | D:1      | Slain by a bat

Illustrated notes

Levels and vault maps discovered:
D:1:      lemuel_arrival_cross, layout_loops_ring, serial_shops,
          nicolae_shop_window_shopping, minmay_cut_off

Action                     || total
---------------------------++-------
  Melee: Hand axe          ||    12
 Armour: Leather armour    ||    11
  Dodge: Dodged            ||    19
